AoeStats
← EscorpioDx

Black Forest

508092859Analyzed
4v4 RM · 12d ago on Sep 20, 2026· 57m 16s· 8 players
Game mode
Random Map
Map size
Large (8 player)
Population
200
Speed
Normal
Resources
Standard
Victory
Conquest
Starting age
Dark Age
Ending age
Imperial Age
RankedLock teamsTeams togetherTeam positionsShared explorationLock speedFull tech treeHidden civsTurbo modeCheats
Victory
Defeat
🇩🇪 Persians · Germany
1095
+7
🇹🇷 Poles · Türkiye
1077
+8
🇹🇷 Byzantines · Türkiye
759
+48
🇹🇷 Lithuanians · Türkiye
532
+28
🇲🇽 Bohemians · Mexico
878
-17
🇩🇪 Britons · Germany
865
-16
🇲🇽 Persians · Mexico
858
-16
🇺🇸 Teutons · United States
851
-15
xxyvonnederful
12:16 Feudal Age
13:37 Double-Bit Axe
16:25 Castle Age
14:47 Horse Collar
18:10 Wheelbarrow
18:01 Bow Saw
22:10 Hand Cart
21:56 Gold Mining
22:11 Heavy Plow
23:02 Stone Mining
28:33 Imperial Age
26:28 Scale Barding Armor
27:40 Stone Shaft Mining
27:52 Bloodlines
29:01 Chain Barding Armor
28:52 Forging
29:18 Fortified Wall
28:48 Cavalier
31:27 Plate Barding Armor
31:28 Iron Casting
31:57 Conscription
32:15 Hoardings
32:47 Paladin
33:35 Caravan
35:28 Chemistry
34:36 Siege Engineers
34:42 Masonry
34:23 Guard Tower
35:43 Crenellations
36:02 Fletching
37:13 Blast Furnace
37:51 Coinage
37:57 Bodkin Arrow
38:05 Scale Mail Armor
53:28 Padded Archer Armor
54:10 Keep
53:57 Ballistics
53:28 Arrowslits
55:18 Pikeman
56:01 Squires
56:19 Chain Mail Armor
MonikaGaming
3:13 Loom
14:04 Feudal Age
26:40 Castle Age
24:54 Double-Bit Axe
27:12 Pikeman
31:39 Fervor
33:15 Horse Collar
40:08 Padded Archer Armor
39:59 Fletching
39:32 Elite Skirmisher
50:38 Imperial Age
50:06 Chemistry
49:54 Leather Archer Armor
49:51 Forging
49:38 Bodkin Arrow
EscorpioDx
3:24 Loom
14:35 Feudal Age
15:14 Feudal Age
16:02 Double-Bit Axe
17:18 Wheelbarrow
19:32 Gold Mining
19:26 Horse Collar
20:05 Stone Mining
23:00 Castle Age
24:00 Hand Cart
24:00 Bow Saw
25:06 Heavy Plow
25:43 Gold Shaft Mining
31:12 Scale Barding Armor
35:32 Imperial Age
32:31 Elite Skirmisher
32:39 Crossbowman
36:28 Elite War Elephant
38:04 Stone Shaft Mining
40:02 Thumb Ring
40:51 Forging
40:41 Scale Mail Armor
41:01 Chain Barding Armor
40:33 Fletching
40:43 Padded Archer Armor
Deatho
1:30 Loom
11:35 Feudal Age
12:38 Double-Bit Axe
12:33 Horse Collar
14:24 Wheelbarrow
15:32 Stone Mining
15:34 Gold Mining
20:34 Castle Age
19:38 Fletching
19:49 Padded Archer Armor
21:47 Bow Saw
22:50 Hand Cart
23:30 Stone Mining
24:19 Gold Shaft Mining
23:45 Heavy Plow
25:32 Caravan
32:46 Imperial Age
31:54 Leather Archer Armor
31:35 Bodkin Arrow
31:23 Treadmill Crane
33:15 Yeomen
33:23 Ballistics
32:58 Murder Holes
33:13 Masonry
32:44 Pikeman
33:10 Gambesons
33:25 Squires
33:11 Arson
34:01 Conscription
33:44 Warwolf
34:06 Halberdier
34:49 Town Watch
35:52 Bracer
36:03 Forging
35:54 Scale Mail Armor
37:58 Two-Man Saw
37:45 Ring Archer Armor
38:21 Chemistry
38:04 Siege Engineers
40:11 Elite Longbowman
46:48 Crossbowman
47:38 Arbalester
51:45 Hoardings
56:30 Onager
KanuniZkan
11:06 Feudal Age
11:35 Horse Collar
11:41 Double-Bit Axe
15:30 Castle Age
13:35 Double-Bit Axe
13:35 Horse Collar
17:58 Bow Saw
18:58 Wheelbarrow
18:09 Town Watch
18:10 Loom
21:58 Bow Saw
28:42 Bloodlines
28:33 Husbandry
29:06 Heavy Plow
32:09 Imperial Age
31:29 Hand Cart
31:00 Town Watch
31:01 Loom
31:51 Kamandaran
32:52 Conscription
32:57 Masonry
32:43 Murder Holes
32:51 Light Cavalry
33:48 Citadels
33:51 Scale Barding Armor
33:47 Scale Mail Armor
33:57 Forging
33:48 Padded Archer Armor
33:39 Fletching
35:00 Two-Man Saw
34:33 Crop Rotation
35:17 Chemistry
34:53 Architecture
34:56 Hussar
36:56 Chain Barding Armor
37:17 Town Patrol
37:17 Bodkin Arrow
37:58 Iron Casting
37:39 Chain Mail Armor
37:39 Leather Archer Armor
37:07 Elite Skirmisher
37:09 Crossbowman
37:54 Thumb Ring
39:27 Plate Barding Armor
43:53 Plate Mail Armor
44:25 Blast Furnace
45:53 Onager
53:07 Pikeman
Kanveren
10:44 Feudal Age
12:03 Double-Bit Axe
12:17 Loom
14:44 Castle Age
13:12 Fletching
13:24 Padded Archer Armor
16:50 Bow Saw
21:23 Horse Collar
24:09 Wheelbarrow
23:41 Heavy Plow
25:08 Gold Mining
26:04 Hand Cart
26:11 Bloodlines
25:22 Light Cavalry
26:03 Husbandry
26:01 Bodkin Arrow
27:31 Town Watch
30:47 Imperial Age
29:09 Thumb Ring
29:20 Leather Archer Armor
29:34 Forging
30:15 Ballistics
31:36 Heavy Cavalry Archer
32:21 Bracer
32:28 Scale Barding Armor
33:39 Chemistry
32:38 Murder Holes
33:35 Winged Hussar
37:50 Iron Casting
37:36 Chain Barding Armor
37:17 Scale Mail Armor
38:54 Lechitic Legacy
38:55 Conscription
38:42 Szlachta Privileges
39:52 Blast Furnace
39:48 Crop Rotation
42:59 Elite Skirmisher
44:51 Elite Obuch
46:08 Hoardings
45:51 Chain Mail Armor
46:34 Squires
46:20 Arson
45:56 Pikeman
47:30 Cavalier
48:08 Arrowslits
48:34 Fortified Wall
48:31 Siege Engineers
48:37 Masonry
Synthax
0:35 Loom
12:20 Feudal Age
22:05 Castle Age
21:02 Gold Mining
21:04 Stone Mining
20:59 Horse Collar
21:25 Double-Bit Axe
47:37 Imperial Age
48:33 Onager
49:11 Elite Leitis
49:54 Hill Forts
KAM
2:54 Loom
14:37 Feudal Age
16:07 Horse Collar
16:13 Double-Bit Axe
19:35 Castle Age
23:16 Husbandry
23:46 Scale Barding Armor
23:52 Forging
24:12 Bow Saw
26:58 Gold Mining
26:58 Stone Mining
27:17 Heavy Plow
30:10 Wheelbarrow
30:42 Gold Shaft Mining
30:42 Stone Shaft Mining
35:45 Imperial Age
35:26 Hand Cart
36:55 Conscription
38:20 Treadmill Crane
38:35 Murder Holes
40:29 Heavy Camel Rider
41:36 Chain Barding Armor
42:33 Iron Casting
50:19 Logistica
50:51 Plate Barding Armor
52:36 Elite Cataphract
Connection lost

Rejoining the realm…

Still unreachable

The connection could not be restored.

Session expired

The server has moved on; the page needs a fresh start.